 Dungeon Crawl Stone Soup version 0.19-a0-1068-g99dd0f4 (webtiles) character file.

137 Jmtri7 the Changer (level 5, -4/33 HPs)
             Began as an Octopode Transmuter on Aug 5, 2016.
             Slain by a quokka (5 damage)
             ... on level 3 of the Dungeon.
             The game lasted 00:06:29 (2858 turns).

Jmtri7 the Changer (Octopode Transmuter)            Turns: 2858, Time: 00:06:31

Health: -4/33      AC:  3    Str: 11    XL:     5   Next: 20%
Magic:  8/8        EV: 13    Int: 15    God:
Gold:   97         SH:  0    Dex: 12    Spells: 2 memorised, 3 levels left

rFire  . . .     SeeInvis .       - Unarmed
rCold  . . .     Gourm    .     (no shield)
rNeg   . . .     Faith    .     (helmet restricted)
rPois  .         Spirit   .     (no amulet)
rElec  .         Dismiss  .     m - ring of wizardry
rCorr  .         Reflect  .     (no ring)
SustAt .         Harm     .     (no ring)
MR     .....                    (no ring)
Stlth  ++........               (no ring)
                                (no ring)
                                (no ring)
                                (no ring)

@: lethally poisoned (-4 -> -7), appendage
A: almost no armour, amphibious, 8 rings, constrict 8, tentacle spike 3, molten
scales 1, camouflage 1, gelatinous body 1
a: End Transformation


You were on level 3 of the Dungeon.
You were hungry.
One of your tentacles had a temporary spike.
You visited 1 branch of the dungeon, and saw 3 of its levels.

You collected 97 gold pieces.

Inventory:

Missiles
 a - 32 arrows
Jewellery
 m - a ring of wizardry (left tentacle)
Wands
 q - a wand of slowing (16/48)
Scrolls
 e - a scroll of amnesia {unknown}
 f - 2 scrolls of fear {unknown}
 h - 3 scrolls of identify {unknown}
 i - 2 scrolls of recharging {unknown}
 n - a scroll of enchant weapon {unknown}
 o - 2 scrolls of remove curse {unknown}
 r - a scroll of teleportation {unknown}
 s - a scroll of magic mapping {unknown}
Potions
 g - a potion of agility {unknown}
 j - 2 potions of degeneration {unknown}
 k - a potion of heal wounds {unknown}
 u - 2 potions of lignification {unknown}
Books
 b - a book of Changes

   Spells                             Type                      Level
   a - Beastly Appendage              Transmutation                1
   b - Sticks to Snakes               Transmutation                2
   c - Spider Form                    Transmutation/Poison         3
   d - Ice Form                       Ice/Transmutation            4
   e - Blade Hands                    Transmutation                5
Comestibles
 c - 2 bread rations
 l - a meat ration
 p - a beef jerky
 t - a slice of pizza


   Skills:
 - Level 1.0 Fighting
 - Level 2.0 Dodging
 - Level 3.0 Unarmed Combat
 - Level 2.0 Spellcasting
 + Level 5.2 Transmutations


You had 3 spell levels left.
You knew the following spells:

 Your Spells              Type           Power        Failure   Level  Hunger
a - Beastly Appendage     Tmut           ###...       1%          1    #......
b - Ice Form              Ice/Tmut       #.......     45%         4    #####..


Dungeon Overview and Level Annotations

Branches:
Dungeon (3/15)

Altars:
Qazlal
Trog


Innate Abilities, Weirdness & Mutations

You cannot wear most types of armour.
You are amphibious.
You can wear up to eight rings at the same time.
You can use your tentacles to constrict eight enemies at once.
Your skin changes colour to match your surroundings (Stealth+).
Your rubbery body absorbs attacks. (AC +1, EV +1)
One of your tentacles bears a large vicious spike.
You are partially covered in molten scales. (AC +2)


Message History

The jackal closely misses you. The adder bites you.
You are poisoned.
The adder poisons you!
You barely miss the adder. Your grab misses the adder.
You pierce the adder.
The adder is lightly wounded.
You feel sick. The jackal bites you. The quokka bites you.
* * * LOW HITPOINT WARNING * * *
The adder bites you.
* * * LOW HITPOINT WARNING * * *
The jackal bites you.
* * * LOW HITPOINT WARNING * * *
* * * LOW HITPOINT WARNING * * *
You feel sick. The quokka misses you.
It was a potion of mutation.
You feel extremely strange.
Molten scales grow over part of your body.
* * * LOW HITPOINT WARNING * * *
You feel sick.
The jackal bites you but does no damage.
The adder bites you but does no damage. The quokka bites you.
You die...

####### #......# #
#......# #### #......#
...## ##......# ##..#####
######.......#
##.....####.....S......#
#####.........@h......# #
###......#...#r......#
####...).......##...†#..#
............##.#####.....#
............##.# ##.....
##..........#..# ....
...#..........## ...
...#........### ..
.###........# .


You could see an adder, a quokka and a jackal.

Vanquished Creatures
  Jessica (D:2)
  2 adders (D:2)
  2 oozes
  3 worms
  A dart slug (D:1)
  A giant gecko (D:2)
  3 giant cockroaches (D:1)
  7 goblins
  15 hobgoblins
  3 jackals (D:3)
  9 kobolds
  A quokka (D:2)
  2 ball pythons
  6 bats
  7 giant newts
  8 rats
71 creatures vanquished.

Notes
Turn   | Place    | Note
-------+----------+-------------------------------------------
     0 | D:1      | Jmtri7 the Octopode Transmuter began the quest for the Orb.
     0 | D:1      | Reached XP level 1. HP: 13/13 MP: 3/3
   265 | D:1      | Reached XP level 2. HP: 18/18 MP: 3/5
   410 | D:1      | Reached skill level 3 in Transmutations
   701 | D:1      | Reached XP level 3. HP: 23/23 MP: 6/6
  1506 | D:2      | Reached skill level 4 in Transmutations
  1736 | D:2      | Reached XP level 4. HP: 12/28 MP: 7/7
  1959 | D:2      | Noticed Jessica
  1966 | D:2      | Killed Jessica
  2090 | D:2      | Learned a level 4 spell: Ice Form
  2208 | D:2      | Found a bloodstained altar of Trog.
  2417 | D:2      | Reached skill level 5 in Transmutations
  2471 | D:2      | Reached XP level 5. HP: 29/33 MP: 8/8
  2587 | D:3      | Found a stormy altar of Qazlal.
  2858 | D:3      | Gained mutation: You are partially covered in molten scales. (AC +2) [potion of mutation]
  2858 | D:3      | HP: 1/33 [poisoned by an adder]
  2858 | D:3      | Slain by a quokka

Vault maps used:
D:1:      lemuel_arrival_funnel
D:2:      lightli_temple_of_fire, first_bread, minmay_octomino_c4, uniq_jessica
D:3:      grunt_qazlal_clouds

Skill      XL: |  1  2  3  4 |
---------------+-------------+-----
Transmutations | 3 4 5 |  5.2
Fighting       | |  1.0
Dodging        | |  2.0
Unarmed Combat | |  3.0
Spellcasting   | |  2.0

Action                   |  1- 3 |  4- 6 || total
-------------------------+-------+-------++-------
Melee: Unarmed           |   113 |    61 ||   174
       Constrict         |    25 |    16 ||    41
       Tentacles         |    15 |    18 ||    33
       Kick              |    10 |    12 ||    22
       Punch             |     4 |       ||     4
 Cast: Beastly Appendage |     9 |    12 ||    21
  Use: Potion            |       |     1 ||     1
 Stab: Sleeping          |     5 |     5 ||    10
  Eat: Chunk             |     2 |     4 ||     6
Armor: Skin              |    20 |     7 ||    27
Dodge: Dodged            |    72 |    49 ||   121
